 Dungeon Crawl Stone Soup version 0.25-a0-310-g60f0ac2d9a (webtiles) character file.

Game seed: 4192884121787796456, levelgen mode: classic

2842 Borgoz the Covered (level 9, 0/85 HPs)
             Began as a Gargoyle Berserker on Dec 23, 2019.
             Was an Elder of Trog.
             Killed from afar by Joseph (21 damage)
             ... with a bolt of acid
             ... on level 7 of the Dungeon.
             The game lasted 00:07:32 (5713 turns).

Borgoz the Covered (Gargoyle Berserker)             Turns: 5713, Time: 00:07:33

Health: 0/85       AC: 14    Str: 25    XL:     9   Next: 74%
Magic:  9/9        EV: 11    Int:  9    God:    Trog [****..]
Gold:   340        SH:  0    Dex: 12    Spells: 8/8 levels left

rFire    . . .     SeeInvis .   a - +4 hand axe
rCold    . . .     Gourm    .   (no shield)
rNeg     + + .     Faith    .   r - +0 chain mail
rPois    ∞         Spirit   .   (no helmet)
rElec    +         Reflect  .   (no cloak)
rCorr    .         Harm     .   (no gloves)
MR       .....                  f - +0 pair of boots
Stlth    ..........             (no amulet)
HPRegen  0.24/turn              d - ring of positive energy
MPRegen  0.11/turn              (no ring)

@: berserking (expiring), corroded, very quick
A: negative energy resistance 1, electricity resistance, unbreathing,
petrification resistance, rot immunity, AC +6
a: Berserk, Trog's Hand, Brothers in Arms, Renounce Religion


You were on level 7 of the Dungeon.
You worshipped Trog.
Trog was greatly pleased with you.
You were very hungry.

You visited 1 branch of the dungeon, and saw 7 of its levels.

You collected 340 gold pieces.

Inventory:

Hand Weapons
 a - a +4 hand axe (weapon)
 b - a +2 flail of crushing
Armour
 f - a +0 pair of boots (worn)
 r - a +0 chain mail (worn)
Jewellery
 d - a ring of positive energy (left hand)
 h - an uncursed ring of ice
Scrolls
 j - a scroll of amnesia {unknown}
 k - 3 scrolls of magic mapping {unknown}
 l - 6 scrolls of teleportation {unknown}
 m - 3 scrolls of remove curse
 n - 3 scrolls of identify {unknown}
 p - 3 scrolls of fog {unknown}
 q - 2 scrolls of immolation {unknown}
 u - 4 scrolls of enchant armour {unknown}
Potions
 e - 2 potions of curing
 g - 3 potions of agility {unknown}
 i - a potion of lignification {unknown}
 o - 2 potions of heal wounds {unknown}
 s - a potion of invisibility {unknown}
 t - a potion of resistance {unknown}
 w - a potion of might {unknown}
 x - a potion of ambrosia {unknown}
Comestibles
 c - 8 rations
 v - 3 chunks of flesh


   Skills:
 + Level 7.0 Fighting
 * Level 7.1 Axes
 + Level 7.6 Armour
 + Level 5.7 Dodging


You had 8 spell levels left.
You didn't know any spells.
Your spell library was empty.

Dungeon Overview and Level Annotations

Branches:
Dungeon (7/15)
 Temple: D:4-7

Altars:
Ashenzari
Cheibriados
Fedhas
Gozag
Makhleb
Okawaru
Uskayaw
Xom
The Shining One

Annotations:
D:5 3 runed translucent doors, Prince Ribbit; treziel's ghost, novice TrMo
D:7 Joseph


Innate Abilities, Weirdness & Mutations

You are resistant to torment.
Your stone body is resilient. (AC +6)
You are immune to poison.
You resist negative energy. (rN+)
You are resistant to electric shocks. (rElec)
You can survive without breathing.
You are immune to petrification.
You are immune to rotting.


Message History

Joseph is moderately wounded.
You closely miss Joseph.
Joseph is moderately wounded.
Joseph barely misses you.
You slash Joseph!
Joseph is heavily wounded.
You closely miss Joseph.
Joseph is heavily wounded.
Joseph hits you with a +0 quarterstaff!
* * * LOW HITPOINT WARNING * * *
You slash Joseph!
Joseph is heavily wounded.
You slash Joseph!
Joseph is severely wounded.
Joseph says, "I'm here to kill trespassers.
I like my job."
Joseph barely misses you.
You closely miss Joseph.
Joseph is severely wounded.
Joseph zaps a wand.
The bolt of acid hits you!!
You die...

#..## # ##..# .#
####.# #(# #. #.# ...
#..#.# ##.###
#..#[########.....#o
#.........##........
#..#.####)@Z(.......
.....#..##.@#.........
#....
##....##.@.......
##### ###.###..[......
#.# #......... ###
#......... ##........
##.....#.


You could see Joseph and a bullfrog skeleton.

Vanquished Creatures
  Sigmund (D:3)
  Edmund (D:6)
  Duvessa (D:5)
  A water moccasin (D:6)
  2 orc warriors (D:6)
  3 ice beasts (D:6)
  2 sky beasts
  A phantom (D:6)
  An ogre (D:4)
  A centaur (D:7)
  3 bullfrogs
  Dowan (D:5)
  2 scorpions
  2 howler monkeys
  2 crimson imps
  A bullfrog zombie (D:6)
  4 hounds
  5 orc priests
  3 orc wizards
  A centaur skeleton (D:5)
  3 iguanas
  Terence (D:3)
  6 worker ants
  A hound skeleton (D:5)
  A howler monkey skeleton (D:5)
  9 adders
  5 gnolls
  An ooze (D:4)
  An adder skeleton (D:7)
  A worm (D:5)
  4 dart slugs
  6 leopard geckos
  31 orcs
  4 giant cockroaches
  16 goblins
  10 hobgoblins
  4 jackals (D:6)
  2 quokkas (D:5)
  8 bats
  6 frilled lizards
  5 kobolds
  3 rats
166 creatures vanquished.

Notes
Turn   | Place    | Note
-------+----------+-------------------------------------------
     0 | D:1      | Borgoz the Gargoyle Berserker began the quest for the Orb.
     0 | D:1      | Reached XP level 1. HP: 14/14 MP: 1/1
    91 | D:1      | Reached XP level 2. HP: 19/19 MP: 2/2
   664 | D:2      | Found a shimmering altar of Xom.
   665 | D:2      | Found an opulent altar of Gozag.
   711 | D:2      | Reached XP level 3. HP: 18/24 MP: 3/3
   902 | D:2      | Noticed a sky beast
   912 | D:2      | Killed a sky beast
   912 | D:2      | Reached XP level 4. HP: 28/29 MP: 4/4
   912 | D:2      | Reached XP level 5. HP: 32/33 MP: 5/5
  1307 | D:2      | Reached ** piety under Trog
  1626 | D:3      | Reached XP level 6. HP: 19/38 MP: 6/6
  1800 | D:3      | Found a faded altar of an unknown god.
  1954 | D:3      | Noticed Terence
  1962 | D:3      | Killed Terence
  2057 | D:3      | Found a shattered altar of Ashenzari.
  2319 | D:3      | Noticed Sigmund
  2330 | D:3      | Killed Sigmund
  2330 | D:3      | Reached XP level 7. HP: 43/43 MP: 7/7
  2399 | D:3      | Found a burning altar of Makhleb.
  2614 | D:4      | Reached *** piety under Trog
  2618 | D:4      | Reached skill level 5 in Armour
  3356 | D:5      | Entered Level 5 of the Dungeon
  3356 | D:5      | Noticed Duvessa
  3356 | D:5      | Noticed Dowan
  3373 | D:5      | Killed Duvessa
  3373 | D:5      | Reached skill level 5 in Fighting
  3373 | D:5      | Reached skill level 5 in Axes
  3373 | D:5      | Reached XP level 8. HP: 49/49 MP: 8/8
  3378 | D:5      | Killed Dowan
  3401 | D:5      | Noticed treziel's ghost (novice TrMo)
  3407 | D:5      | Found a runed translucent gate.
  3407 | D:5      | Found a runed translucent gate.
  3407 | D:5      | Found a runed translucent gate.
  3570 | D:5      | Found a blossoming altar of Fedhas.
  3610 | D:5      | Found a glowing golden altar of the Shining One.
  3888 | D:5      | Found a hide-covered altar of Uskayaw.
  3896 | D:5      | Noticed a +0 hand axe
  3897 | D:5      | Noticed a +0 hand axe
  3992 | D:5      | Noticed Prince Ribbit
  4119 | D:5      | Found an iron altar of Okawaru.
  4382 | D:6      | Noticed Edmund
  4429 | D:6      | Killed Edmund
  4429 | D:6      | Reached skill level 5 in Dodging
  4499 | D:6      | Reached XP level 9. HP: 55/55 MP: 9/9
  5126 | D:7      | Reached **** piety under Trog
  5148 | D:7      | Found a snail-covered altar of Cheibriados.
  5224 | D:7      | Noticed Joseph
  5713 | D:7      | Killed from afar by Joseph

Levels and vault maps discovered:
D:1:      scummos_arrival_hexagon, layout_basic
D:2:      kennysheep_the_goblin_king, layout_loops_ring,
          chequers_temple_overflow_statue_of_worship
D:3:      layout_loops_cross, nicolae_overflow_hidden_temple,
          lemuel_coloured_pillars_altar, first_ration,
          chequers_ecumenical_altar_twisty, guppyfry_early_orc_mine,
          uniq_sigmund, uniq_terence
D:4:      layout_basic, serial_bayou, serial_bayou_ford_a,
          serial_bayou_crossing, serial_bayou_pond_b, serial_bayou_lagoon_a,
          cheibrodos_gnoll_hut
D:5:      layout_basic, kennysheep_mini, dancing_weapons_uskayaw,
          fedhas_altar_2, lemuel_round_altar, gammafunk_ghost_split,
          uniq_prince_ribbit1, uniq_duvessa
D:6:      layout_gridville, corexii_checkpoint_a, kennysheep_cluttered_room,
          hangedman_decor_growths, grunt_ministairs_10, uniq_edmund
D:7:      layout_rooms, nicolae_overflow_crystal_walls, marbit_many_paths,
          minmay_temple_entry_wispy, serial_curves, eino_curves_02,
          eino_curves_04, uniq_joseph

Skill      XL: |  1  2  3  4  5  6  7  8  9 |
---------------+----------------------------+-----
Axes           | 3 4 5 7 |  7.1
Dodging        | 2 3 4 5 |  5.7
Armour         | 3 4 5 6 7 |  7.6
Fighting       | 4 5 6 7 |  7.0

Action                   |  1- 3 |  4- 6 |  7- 9 || total
-------------------------+-------+-------+-------++-------
Melee: Hand axe          |   124 |   106 |   440 ||   670
Invok: Berserk           |     1 |     4 |     8 ||    13
       Trog's Hand       |       |       |     6 ||     6
  Use: Scroll            |     1 |       |     1 ||     2
  Eat: Chunk             |       |     9 |    17 ||    26
       Ration            |       |       |     1 ||     1
Armor: Ring mail         |    66 |    44 |       ||   110
       Animal skin       |     1 |       |       ||     1
       Chain mail        |       |     2 |   284 ||   286
Dodge: Dodged            |    80 |    62 |   208 ||   350

Table legend:
 A = Non-vault XP
 B = Vault XP
 C = Vault XP percentage of total XP
 D = Non-vault monster count
 E = Vault monster count
 F = Vault count percentage of total count
                 A         B        C        D         E       F
            +---------+---------+-------+---------+---------+-------
      Total |    2999 |    1061 |  26.1 |     138 |      28 |  16.9
            +---------+---------+-------+---------+---------+-------
        D:1 |      25 |       0 |   0.0 |      15 |       0 |   0.0
        D:2 |     228 |      14 |   5.8 |      25 |       7 |  21.9
        D:3 |     120 |     280 |  70.0 |      17 |       9 |  34.6
        D:4 |     399 |     105 |  20.8 |      11 |       5 |  31.2
        D:5 |     392 |     227 |  36.7 |      28 |       2 |   6.7
        D:6 |    1333 |     435 |  24.6 |      32 |       5 |  13.5
        D:7 |     502 |       0 |   0.0 |      10 |       0 |   0.0
            +---------+---------+-------+---------+---------+-------
